 Dungeon Crawl Stone Soup version 0.27-a0-1322-gfdffb62a71 (webtiles) character file.

Game seed: 6943420300399940410

136 sanka the Ducker (level 5, -3/36 HPs)
             Began as an Octopode Monk on June 22, 2021.
             Slain by a black bear (9 damage)
             ... on level 4 of the Dungeon.
             The game lasted 00:03:17 (3548 turns).

sanka the Ducker (Octopode Monk)                    Turns: 3548, Time: 00:03:17

Health: -3/36      AC:  1    Str: 10    XL:     5   Next: 19%
Magic:  5/5        EV: 15    Int: 12    God:
Gold:   131        SH:  0    Dex: 16    Spells: 4/4 levels left

rFire    . . .     SeeInvis .     - Unarmed
rCold    . . .     Faith    .   (no shield)
rNeg     . . .     Spirit   .   (helmet restricted)
rPois    .         Reflect  .   (no amulet)
rElec    .         Harm     .   (no ring)
rCorr    .         Rampage  .   (no ring)
Will     .....                  (no ring)
Stlth    +++.......             (no ring)
HPRegen  0.12/turn              (no ring)
MPRegen  0.09/turn              (no ring)
                                (no ring)
                                (no ring)

@: no status effects
A: almost no armour, amphibious, 8 rings, camouflage 1, gelatinous body 1,
(nimble swimmer 1), tentacles
a: no special abilities


You were on level 4 of the Dungeon.
You visited 1 branch of the dungeon, and saw 4 of its levels.

You collected 131 gold pieces.


Innate Abilities, Weirdness & Mutations

You cannot wear most types of armour.
You are amphibious.
You can wear up to eight rings at the same time.
Your skin changes colour to match your surroundings (Stealth+).
Your rubbery body absorbs attacks. (AC +1, EV +1)
((You are camouflaged near water. (Stealth+)))
You have tentacles for arms and can constrict up to eight enemies at once.


   Skills:
 - Level 3.0 Fighting
 - Level 5.0 Dodging
 - Level 2.6 Stealth
 + Level 4.1 Unarmed Combat


You had 4 spell levels left.
You didn't know any spells.
Your spell library was empty.

Inventory:

Jewellery
 e - a ring of ice
Scrolls
 a - a scroll of enchant weapon {unknown}
 b - a scroll of vulnerability {unknown}
 c - a scroll of fog {unknown}
 f - a scroll of identify {unknown}
 h - a scroll of magic mapping {unknown}
 i - a scroll of enchant armour {unknown}
Potions
 d - a potion of might
 g - a potion of resistance {unknown}

Dungeon Overview and Level Annotations

Branches:
Dungeon (4/15)
 Temple: D:4-7

Altars:

▒ ▒▒▒▒.
▒▒▒▒▒ ....
.....▒▒.▒
▒▒..h.▒
▒..x..▒
▒.▒▒▒.▒▒▒ ▒
▒...▒▒▒..▒▒
▒▒▒<.......
▒▒▒▒▒.▒▒▒


You could see a black bear.


Message History

You tentacle-slap the black bear but do no damage.
You grab the black bear. The black bear bites you! The black bear claws you.
The black bear claws you.
You tentacle-slap the black bear.
The black bear is lightly wounded.
The black bear bites you.
The black bear claws you but does no damage.
The black bear claws you.
* * * LOW HITPOINT WARNING * * *
You tentacle-slap the black bear.
The black bear is moderately wounded.
You constrict the black bear. The black bear barely misses you.
The black bear claws you.
* * * LOW HITPOINT WARNING * * *
The black bear closely misses you.
You tentacle-slap the black bear.
The black bear is heavily wounded.
You constrict the black bear. The black bear bites you!
* * * LOW HITPOINT WARNING * * *
The black bear barely misses you. The black bear misses you.
You tentacle-slap the black bear.
The black bear is severely wounded.
You constrict the black bear. The black bear bites you!
You die...

Action                   |  1- 3 |  4- 6 || total
-------------------------+-------+-------++-------
Melee: Unarmed           |    47 |   100 ||   147
       Constrict         |     9 |    25 ||    34
       Tentacles         |     3 |    18 ||    21
       Punch             |       |     2 ||     2
  Use: Potion            |       |     3 ||     3
 Stab: Sleeping          |     5 |    10 ||    15
       Distracted        |       |     1 ||     1
Armor: Skin              |     4 |     6 ||    10
Dodge: Dodged            |    22 |    63 ||    85

Levels and vault maps discovered:
D:1:      shiori_angband_town, layout_basic, basic_ecumenical_altar
D:2:      layout_loops_ring
D:3:      layout_basic
D:4:      wander_river, layout_rooms, minmay_diced_spiral, uniq_menkaure

Notes
Turn   | Place    | Note
-------+----------+-------------------------------------------
     0 | D:1      | sanka the Octopode Monk began the quest for the Orb.
     0 | D:1      | Reached XP level 1. HP: 16/16 MP: 1/1
   394 | D:1      | Reached XP level 2. HP: 21/21 MP: 2/2
   409 | D:1      | Found a faded altar of an unknown god.
   950 | D:1      | Reached skill level 4 in Dodging
   959 | D:1      | Reached XP level 3. HP: 22/26 MP: 3/3
  1339 | D:2      | Reached XP level 4. HP: 31/31 MP: 4/4
  1608 | D:2      | Reached skill level 5 in Dodging
  2113 | D:3      | HP: 3/31 [poisoned by an adder]
  2115 | D:3      | HP: 1/31 [poisoned by an adder]
  2561 | D:3      | Reached XP level 5. HP: 34/36 MP: 5/5
  2765 | D:3      | Reached skill level 4 in Unarmed Combat
  3540 | D:4      | Noticed a black bear
  3548 | D:4      | Slain by a black bear

Vanquished Creatures
  A hound (D:2)
  3 adders
  2 worms
  3 dart slugs
  7 orcs (D:3)
  5 bats
  3 endoplasms (D:1)
  3 giant cockroaches
  5 goblins
  4 hobgoblins
  6 jackals
  3 quokkas (D:2)
  2 ball pythons
  2 frilled lizards
  6 kobolds
  4 rats
59 creatures vanquished.
